 Dungeon Crawl Stone Soup version 0.19.0-22-gd96e5fe (webtiles) character file.

18014 tognito the Cleaver (level 12, -11/174 HPs)
             Began as a Minotaur Berserker on Nov 18, 2016.
             Was the Champion of Trog.
             Killed from afar by azzavlup's ghost (20 damage)
             ... with a bolt of negative energy
             ... on level 12 of the Dungeon.
             The game lasted 00:30:40 (12222 turns).

tognito the Cleaver (Minotaur Berserker)           Turns: 12222, Time: 00:30:41

Health: -11/174    AC: 20    Str: 31    XL:     12   Next: 24%
Magic:  11/11      EV: 13    Int:  4    God:    Trog [******]
Gold:   1250       SH:  0    Dex: 19    Spells: 0 memorised, 11 levels left

rFire  . . .     SeeInvis .     a - +4 broad axe (chop)
rCold  . . .     Gourm    +     l - +1 plate armour
rNeg   . . .     Faith    .     (no shield)
rPois  .         Spirit   .     (helmet restricted)
rElec  .         Reflect  .     p - +0 cloak
rCorr  .         Harm     .     o - +0 pair of gloves
MR     +....                    (no boots)
Stlth  ..........               C - amulet of Paneg {Gourm Dex+3}
                                t - +5 ring of dexterity
                                B - ring "Firhut" {MR+ AC+3}

@: berserking, starving, heavily drained, very quick
A: retaliatory headbutt, horns 2
a: Berserk, Trog's Hand, Brothers in Arms, Burn Spellbooks, Renounce Religion


You were on level 12 of the Dungeon.
You worshipped Trog.
Trog was exalted by your worship.
You were starving.

You visited 1 branch of the dungeon, and saw 12 of its levels.
You also visited: Ice Cave.

You collected 1250 gold pieces.

Inventory:

Hand Weapons
 a - a +4 broad axe of chopping (weapon)
 b - a +0 hand crossbow of venom
Missiles
 n - 27 bolts
Armour
 l - a +1 plate armour (worn)
 o - a +0 pair of gloves (worn)
 p - a +0 cloak (worn)
Jewellery
 q - an uncursed ring of teleportation
 t - a +5 ring of dexterity (right hand)
 u - a +4 ring of protection
 B - the ring "Firhut" (left hand) {MR+ AC+3}
   (You found it in an ice cave)

   [ring of protection]

   It affects your AC (+3).
   It affects your resistance to hostile enchantments.
 C - the amulet of Paneg (around neck) {Gourm Dex+3}
   (You found it in an ice cave)

   [amulet of the gourmand]

   It allows you to eat raw meat even when not hungry.
   It affects your dexterity (+3).
Wands
 v - a wand of iceblast (0/15)
 w - a wand of digging (11/24)
Scrolls
 e - 2 scrolls of blinking
 g - 6 scrolls of remove curse
 j - 3 scrolls of magic mapping
 r - 7 scrolls of identify
 y - 2 scrolls of fear
 A - 2 scrolls of teleportation
Potions
 d - 2 potions of agility
 k - 7 potions of curing
 x - 3 potions of resistance
 z - a potion of heal wounds {unknown}
Comestibles
 c - 6 bread rations
 f - a slice of pizza
 h - a fruit
 i - 5 meat rations
 m - 8 royal jellies
 s - 3 beef jerkies


   Skills:
 * Level 13.8(11.6) Fighting
 * Level 14.1(11.9) Axes
 + Level 10.1(8.0) Armour
 + Level 9.3(7.3) Dodging


You had 11 spell levels left.
You didn't know any spells.

Dungeon Overview and Level Annotations

Branches:
Dungeon (12/15)            Temple (0/1) D:4            Lair (0/6) D:10
    Orc: D:9-12

Altars:
Ashenzari
Elyvilon
Hepliaklqana
Trog
Uskayaw
Vehumet
Xom
The Shining One

Shops:
D:12 =

Annotations:
D:12 azzavlup's ghost, journeyman DrMo


Innate Abilities, Weirdness & Mutations

You reflexively headbutt those who attack you in melee.
You have a pair of horns on your head.


Message History

You completely miss azzavlup's ghost.
You headbutt azzavlup's ghost, but do no damage.
Azzavlup's ghost hits you!!
A quasit comes into view.
You slash azzavlup's ghost! Your headbutt misses azzavlup's ghost.
Azzavlup's ghost is lightly damaged.
Azzavlup's ghost hits you!
* * * LOW HITPOINT WARNING * * *
You are too injured to fight recklessly!
Unknown command.
Your iron troll goes berserk!
You feel somewhat more hungry.
The crimson imp blinks!
Azzavlup's ghost hits you!!
* * * LOW HITPOINT WARNING * * *
A red film seems to cover your vision as you go berserk!
You feel yourself moving faster!
You feel mighty!
You are starving!
Azzavlup's ghost breathes negative energy at you.
The bolt of negative energy hits you!
You feel drained.
You die...

. ........# .#
........###.# .((
.#............ ..≈≈
........##...######h.≈≈≈
........##.#.#...h.(...∩
#.....<.##.#...TW#
#.....###.#....@#
##)...##......#..##
.))...............#
.#)##....#..#...#.#..
.#.#.....#............
.#....#.##.##.#...#..#
#÷.#.##..............#
#..#.##.............##
..[..##.......#.......


You could see a howler monkey, azzavlup's ghost and a friendly iron troll
(berserk).

Vanquished Creatures
  2 ice dragons (IceCv)
  The ghost of Kenran the Cleaver, a novice MiCK of Xom (D:7)
  A lindwurm (D:10)
  A cyclops (D:9)
  An ugly thing (D:11)
  The ghost of Quirk the Skirmisher, a novice MiFi of Ru (D:6)
  2 ice statues (IceCv)
  2 rime drakes (IceCv)
  2 trolls
  A two-headed ogre (D:11)
  Grinder (D:3)
  Prince Ribbit (D:8)
  2 hippogriffs
  11 yaks
  Sigmund (D:3)
  A vampire (D:9)
  3 hungry ghosts
  A steam dragon (D:10)
  Grum (D:11)
  4 orc warriors
  3 sky beasts
  17 ice beasts
  2 phantoms
  3 black bears
  9 ogres
  2 wolves (D:11)
  13 centaurs
  5 big kobolds
  5 bullfrogs
  A gnoll sergeant (D:7)
  A scorpion (D:7)
  4 wights (D:11)
  11 killer bees (D:8)
  2 howler monkeys
  16 crimson imps
  2 quasits
  A gnoll shaman (D:7)
  9 orc priests
  14 hounds
  2 jellies (D:9)
  5 bullfrog skeletons
  3 centaur zombies
  4 iguanas
  22 orc wizards
  9 worker ants
  2 centaur skeletons
  A hound zombie (D:7)
  A hound skeleton (D:9)
  A worker ant zombie (D:9)
  Robin (D:3)
  A howler monkey zombie (D:7)
  10 gnolls
  16 adders
  A white imp (D:8)
  An adder zombie (D:9)
  3 adder skeletons
  2 worms
  2 dart slugs (D:3)
  4 leopard geckos
  43 orcs
  4 ball pythons
  8 giant cockroaches
  17 hobgoblins
  4 jackals
  A quokka (D:5)
  A ball python zombie (D:5)
  7 bats
  10 frilled lizards
  15 goblins
  A jackal zombie (D:5)
  18 kobolds
  5 rats
385 creatures vanquished.

Vanquished Creatures (collateral kills)
  A queen bee (D:8)
  2 killer bees (D:8)
  A hound (D:8)
4 creatures vanquished.

Grand Total: 389 creatures vanquished

Notes
Turn   | Place    | Note
-------+----------+-------------------------------------------
     0 | D:1      | tognito the Minotaur Berserker began the quest for the Orb.
     0 | D:1      | Reached XP level 1. HP: 19/19 MP: 0/0
   174 | D:1      | Reached XP level 2. HP: 16/27 MP: 1/1
   320 | D:1      | Reached skill level 4 in Axes
   798 | D:1      | Reached ** piety under Trog
   868 | D:2      | Reached XP level 3. HP: 31/33 MP: 2/2
  1244 | D:2      | Found a shattered altar of Ashenzari.
  1473 | D:2      | Reached XP level 4. HP: 41/41 MP: 3/3
  1631 | D:3      | Noticed Grinder
  1662 | D:3      | Killed Grinder
  1662 | D:3      | Reached skill level 5 in Fighting
  1662 | D:3      | Reached skill level 5 in Axes
  1662 | D:3      | Reached XP level 5. HP: 22/49 MP: 4/4
  1662 | D:3      | Reached XP level 6. HP: 25/56 MP: 5/5
  1940 | D:3      | Noticed Robin
  1942 | D:3      | Noticed Sigmund
  1970 | D:3      | Killed Sigmund
  1970 | D:3      | Reached skill level 6 in Axes
  1972 | D:3      | Killed Robin
  2412 | D:3      | Reached *** piety under Trog
  2440 | D:3      | Found a glowing golden altar of the Shining One.
  2592 | D:3      | Reached XP level 7. HP: 60/63 MP: 6/6
  2873 | D:4      | Found a shimmering altar of Xom.
  2933 | D:4      | Found a staircase to the Ecumenical Temple.
  3028 | D:4      | Reached skill level 7 in Axes
  3309 | D:5      | Entered Level 5 of the Dungeon
  3369 | D:5      | Found a faded altar of an unknown god.
  3369 | D:5      | Found a faded altar of an unknown god.
  3376 | D:5      | Found a radiant altar of Vehumet.
  3378 | D:5      | Found a faded altar of an unknown god.
  3380 | D:5      | Found a faded altar of an unknown god.
  3461 | D:5      | Reached skill level 5 in Armour
  3461 | D:5      | Reached XP level 8. HP: 60/73 MP: 7/7
  3501 | D:5      | Reached skill level 8 in Axes
  3582 | D:5      | Reached skill level 5 in Dodging
  3585 | D:5      | Reached **** piety under Trog
  3889 | D:5      | Found a white marble altar of Elyvilon.
  3925 | D:5      | Reached skill level 9 in Axes
  3930 | D:5      | Reached XP level 9. HP: 34/82 MP: 8/8
  4729 | D:6      | Noticed Quirk's ghost (novice MiFi)
  4754 | D:6      | Killed Quirk's ghost
  4754 | D:6      | Reached skill level 10 in Fighting
  4754 | D:6      | Reached skill level 10 in Axes
  5087 | D:6      | Reached ***** piety under Trog
  5389 | D:7      | Noticed Kenran's ghost (novice MiCK)
  5405 | D:7      | Killed Kenran's ghost
  5405 | D:7      | Reached XP level 10. HP: 59/94 MP: 9/9
  5868 | D:7      | Reached skill level 11 in Axes
  6168 | D:7      | Found a bloodstained altar of Trog.
  6722 | D:8      | Received a gift from Trog
  6958 | D:8      | Reached skill level 12 in Axes
  7478 | D:8      | Noticed Prince Ribbit
  7483 | D:8      | Killed Prince Ribbit
  7609 | D:8      | Reached XP level 11. HP: 104/104 MP: 10/10
  7755 | D:8      | Found a hide-covered altar of Uskayaw.
  8689 | D:9      | Found a hazy altar of Hepliaklqana.
  8770 | D:9      | Reached ****** piety under Trog
  8981 | D:10     | Entered Level 10 of the Dungeon
  9015 | D:10     | Received a gift from Trog
  9115 | D:10     | Found a staircase to the Lair.
  9148 | D:10     | Noticed a lindwurm
  9149 | D:10     | Noticed a lindwurm
  9149 | D:10     | Noticed a lindwurm
  9150 | D:10     | Noticed a lindwurm
  9646 | D:10     | Reached skill level 13 in Axes
  9826 | D:10     | Received a gift from Trog
 10149 | D:10     | Killed a lindwurm
 10667 | D:11     | Noticed a cyan ugly thing
 10674 | D:11     | Killed a cyan ugly thing
 10874 | D:11     | Noticed Grum
 10885 | D:11     | Killed Grum
 11322 | D:12     | Found a frozen archway.
 11332 | IceCv    | Entered an ice cave
 11369 | IceCv    | Reached XP level 12. HP: 95/115 MP: 11/11
 11600 | IceCv    | Reached skill level 14 in Axes
 11627 | IceCv    | Noticed an ice dragon
 11628 | IceCv    | Noticed an ice dragon
 11640 | IceCv    | Killed an ice dragon
 11640 | IceCv    | Reached skill level 10 in Armour
 11641 | IceCv    | Killed an ice dragon
 11990 | IceCv    | Got a sparkling jade ring
 11992 | IceCv    | Got a translucent graven amulet
 12204 | D:12     | Identified the ring "Firhut" {MR+ AC+3} (You found it in an ice cave)
 12205 | D:12     | Identified the amulet of Paneg {Gourm Dex+3} (You found it in an ice cave)
 12212 | D:12     | Found Byuleed's Jewellery Boutique.
 12212 | D:12     | Noticed azzavlup's ghost (journeyman DrMo)
 12222 | D:12     | Killed from afar by azzavlup's ghost

Skill      XL: |  1  2  3  4  5  6  7  8  9 10 11 12 |
---------------+-------------------------------------+-----
Axes           | 4 5 6 7 9 10 12 13 14 | 14.1
Fighting       | 4 5 6 7 8 10 12 13 | 13.8
Armour         | 3 4 5 6 7 8 9 10 | 10.1
Dodging        | 3 4 5 6 7 9 |  9.3

Action                   |  1- 3 |  4- 6 |  7- 9 | 10-12 || total
-------------------------+-------+-------+-------+-------++-------
Melee: Hand axe          |    91 |   102 |   277 |    27 ||   497
       Headbutt          |    13 |    20 |    82 |    96 ||   211
       War axe           |       |       |       |    80 ||    80
       Broad axe         |       |       |       |   307 ||   307
 Fire: Hand crossbow     |       |       |    13 |   223 ||   236
Invok: Trog's Hand       |       |     1 |       |     1 ||     2
       Berserk           |       |       |     1 |     2 ||     3
       Brothers in Arms  |       |       |       |     2 ||     2
       Burn Spellbooks   |       |       |       |     1 ||     1
Evoke: Wand              |       |       |       |     3 ||     3
  Use: Potion            |     4 |     3 |     1 |     1 ||     9
       Scroll            |       |     9 |     4 |     7 ||    20
  Eat: Chunk             |     2 |     4 |    10 |    24 ||    40
       Fruit             |       |       |     1 |     2 ||     3
Armor: Ring mail         |    20 |       |       |       ||    20
       Plate armour      |    24 |    61 |   175 |   291 ||   551
Dodge: Dodged            |    53 |    40 |   113 |   307 ||   513
